 Dungeon Crawl Stone Soup version 0.25.0-1-g7eea58d2a3 (webtiles) character file.

Game seed: 8549377611610050517

39 diana the Slasher (level 3, -3/28 HPs)
             Began as a Demonspawn Gladiator on June 14, 2020.
             Killed from afar by Sigmund (7 damage)
             ... with a magic dart
             ... on level 2 of the Dungeon.
             The game lasted 00:01:32 (1444 turns).

diana the Slasher (Demonspawn Gladiator)            Turns: 1444, Time: 00:01:33

Health: -3/28      AC:  4    Str: 15    XL:     3   Next: 26%
Magic:  3/3        EV: 12    Int:  9    God:
Gold:   92         SH:  0    Dex: 16    Spells: 2/2 levels left

rFire    . . .     SeeInvis .   a - +0 long sword
rCold    . . .     Gourm    .   g - +0 buckler
rNeg     . . .     Faith    .   b - +0 leather armour
rPois    .         Spirit   .   c - +0 helmet
rElec    .         Reflect  .   (no cloak)
rCorr    .         Harm     .   (no gloves)
MR       .....                  (no boots)
Stlth    +.........             (no amulet)
HPRegen  0.09/turn              (no ring)
MPRegen  0.08/turn              (no ring)

@: confused, stab
A: thin skeletal structure 1
a: no special abilities


You were on level 2 of the Dungeon.
You were not hungry.

You visited 1 branch of the dungeon, and saw 2 of its levels.

You collected 92 gold pieces.

Inventory:

Hand Weapons
 a - a +0 long sword (weapon)
Missiles
 d - 3 throwing nets (quivered)
Armour
 b - a +0 leather armour (worn)
 c - a +0 helmet (worn)
 g - a +0 buckler (worn)
Jewellery
 k - an uncursed amulet of faith {unknown}
Scrolls
 e - 2 scrolls of identify {unknown}
 i - a scroll of remove curse {unknown}
Comestibles
 f - 3 rations
 j - a chunk of flesh


   Skills:
 + Level 2.7 Fighting
 + Level 3.1 Long Blades
 - Level 1.7 Throwing
 + Level 3.1 Dodging
 + Level 0.0 Shields


You had 2 spell levels left.
You didn't know any spells.
Your spell library was empty.

Dungeon Overview and Level Annotations

Branches:
Dungeon (2/15)

Altars:
Ashenzari
Ru
Wu Jian
Yredelemnul

Annotations:
D:2 Sigmund


Innate Abilities, Weirdness & Mutations

You have a somewhat thin skeletal structure. (Dex +2, Stealth)


Message History

Press < or > to pray at altars.
You hit Sigmund.
Sigmund is severely wounded.
You hit Sigmund but do no damage.
Sigmund is severely wounded.
Sigmund laughs darkly.
Sigmund hits you with a +0 scythe.
* * * LOW HITPOINT WARNING * * *
You hit Sigmund.
Sigmund is almost dead.
Sigmund gestures wildly while chanting.
Sigmund flickers and vanishes!
Deactivating autopickup; reactivate with Ctrl-A.
You hear some strange, mumbled words.
You are confused.
You closely miss something.
You hear some strange, mumbled words.
A magic dart appears from out of thin air!
The magic dart hits you!
You die...

#..................#
####'#############.# #####.#
#. ...#.#
##.....######.####'#'#####
.'.............>.....[...#
##......#####.#..........+
#......# #.#..........#
#......# #...{........#
######..######..@..).....#
....@.........._8_.......#
######..######.._........#
#.......######...........#
#.......รทรท...............#
#........................#
...................#######
#.....#............#
#.....#.......(....#


There were no monsters in sight!

Vanquished Creatures
  2 dart slugs (D:1)
  A leopard gecko (D:1)
  2 ball pythons
  3 giant cockroaches
  6 goblins
  2 hobgoblins (D:1)
  2 jackals (D:1)
  4 kobolds (D:1)
  4 bats
  2 frilled lizards
  2 rats
30 creatures vanquished.

Notes
Turn   | Place    | Note
-------+----------+-------------------------------------------
     0 | D:1      | diana the Demonspawn Gladiator began the quest for the Orb.
     0 | D:1      | Reached XP level 1. HP: 16/16 MP: 1/1
   319 | D:1      | Gained mutation: You have a somewhat thin skeletal
                  | structure. (Dex +2, Stealth) [demonic ancestry]
   319 | D:1      | Reached XP level 2. HP: 18/22 MP: 2/2
   829 | D:1      | Reached XP level 3. HP: 26/28 MP: 3/3
   999 | D:2      | Found a basalt altar of Yredelemnul.
  1000 | D:2      | Found a shattered altar of Ashenzari.
  1000 | D:2      | Found an ornate altar of the Wu Jian Council.
  1007 | D:2      | Found a sacrificial altar of Ru.
  1017 | D:2      | Noticed Sigmund
  1444 | D:2      | Killed from afar by Sigmund

Illustrated notes

Levels and vault maps discovered:
D:1:      nzn_arrival_depleted_hourglass, layout_rooms
D:2:      layout_basic, chequers_temple_overflow_statue_of_worship,
          hangedman_ru_absence, uniq_sigmund

Skill      XL: |  1  2 |
---------------+-------+-----
Long Blades    | 3 |  3.1
Dodging        | 3 |  3.1
Fighting       | |  2.7
Throwing       | |  1.7

Action                   || total
-------------------------++-------
Melee: Long sword        ||    86
  Use: Potion            ||     2
 Stab: Sleeping          ||     5
  Eat: Chunk             ||     2
Armor: Leather armour    ||    20
Dodge: Dodged            ||    70
Block: Buckler           ||     1
       Rpst.: Long sword ||    20
